 Seeded DCSS version 0.24.0 (webtiles) character file.

Game seed: 84692282672, levelgen mode: deterministic

117 Kranky the Poker (level 4, -3/40 HPs)
             Began as a Centaur Chaos Knight on Aug 13, 2020.
             Was a Plaything of Xom.
             Killed by divine providence
             ... invoked by an orc priest
              (13 damage)
             ... on level 3 of the Dungeon.
             The game lasted 00:05:07 (1877 turns).

Kranky the Poker (Centaur Chaos Knight)             Turns: 1877, Time: 00:05:08

Health: -3/40      AC:  7    Str: 15    XL:     4   Next: 71%
Magic:  4/4        EV:  8    Int: 11    God:    Xom [..*...]
Gold:   99         SH:  0    Dex:  9    Spells: 3/3 levels left

rFire    . . .     SeeInvis .   a - +0 spear (chaos)
rCold    . . .     Gourm    .   (no shield)
rNeg     . . .     Faith    .   e - +2 ring mail {MR+}
rPois    .         Spirit   .   (no helmet)
rElec    .         Reflect  .   (no cloak)
rCorr    .         Harm     .   (no gloves)
MR       +....                  (no barding)
Stlth    ..........             (no amulet)
HPRegen  0.13/turn              (no ring)
MPRegen  0.09/turn              (no ring)

@: very quick
A: large, hooves 3, deformed body, speed 2, tough skin 3
a: Renounce Religion


You were on level 3 of the Dungeon.
You worshipped Xom.
You were a toy of Xom.
You were not hungry.

You visited 1 branch of the dungeon, and saw 3 of its levels.

You collected 99 gold pieces.

Inventory:

Hand Weapons
 a - a +0 spear of chaos (weapon)
 i - a +2 whip of venom
Missiles
 h - 14 sling bullets
 m - 3 javelins (quivered)
Armour
 e - a +2 ring mail of magic resistance (worn)
Scrolls
 d - 4 scrolls of identify {unknown}
 j - 2 scrolls of magic mapping {unknown}
 k - a scroll of noise {unknown}
 n - a scroll of amnesia {unknown}
Potions
 b - a potion of heal wounds {unknown}
 g - a potion of haste {unknown}
 l - a potion of curing {unknown}
Comestibles
 c - 2 rations
 f - a chunk of flesh


   Skills:
 + Level 4.0 Fighting
 + Level 4.3 Polearms
 - Level 1.3 Armour
 - Level 0.6 Dodging


You had 3 spell levels left.
You didn't know any spells.
Your spell library was empty.

Dungeon Overview and Level Annotations

Branches:
Dungeon (3/15)

Altars:
Ashenzari
Uskayaw


Innate Abilities, Weirdness & Mutations

You have hooves in place of feet.
Armour fits poorly on your strangely shaped body.
You cover ground very quickly.
You have extremely tough skin. (AC +3)


Message History

The kobold is moderately wounded.
The kobold hits you with a +0 short sword.
* * * LOW HITPOINT WARNING * * *
You hit the kobold but do no damage. Your kick misses the kobold.
The kobold is moderately wounded.
The kobold hits you but does no damage. x2
You hit the kobold. You freeze the kobold.
You kill the kobold!
You hit the orc priest. You burn the orc priest. You kick the orc priest.
The orc priest is almost dead.
The orc priest barely misses you.
You hit the orc priest.
The orc priest seems to speed up.
The orc priest is almost dead.
The orc priest hits you but does no damage.
You barely miss the orc priest. Your kick misses the orc priest.
The orc priest is almost dead.
The orc priest barely misses you.
The orc priest calls down the wrath of Beogh upon you.
Beogh smites you!
You die...

KKl,,#.##........# ,
,.....# o
..#............ ......
,,, ,,............#*
...#. , ,,
#).....%...#. , ..#.
,, ,* #((†## * ,... *
##.. , , , **
#.%(.#####... ###... ,
,,,
##(K......##.#.##....
, , ,*
##o##....##.#.##.... ,
, #.@.##..#..........
** * **
###.##..#.......... *
#.......#.......#.. *
#.......>.......### **
***#..................
, ,
.....................
** **
###########.......#..
#.......##>
#.......###


You could see an orc priest and a kobold.

Vanquished Creatures
  6 adders
  A worm (D:3)
  3 dart slugs
  2 leopard geckos
  4 orcs (D:3)
  3 bats
  2 giant cockroaches
  4 hobgoblins
  2 ball pythons (D:3)
  4 frilled lizards
  6 goblins
  7 kobolds
  10 rats
54 creatures vanquished.

Notes
Turn   | Place    | Note
-------+----------+-------------------------------------------
     0 | D:1      | Kranky the Centaur Chaos Knight began the quest for the
                  | Orb.
     0 | D:1      | Reached XP level 1. HP: 19/19 MP: 1/1
   147 | D:1      | Reached XP level 2. HP: 26/26 MP: 2/2
   298 | D:1      | XOM: divination: detect items
   366 | D:1      | XOM: harmless Erth miscast
   725 | D:2      | Found a shattered altar of Ashenzari.
   801 | D:2      | Reached XP level 3. HP: 31/31 MP: 3/3
  1095 | D:2      | XOM: divination: detect creatures
  1125 | D:2      | Reached XP level 4. HP: 37/40 MP: 4/4
  1291 | D:2      | XOM is BORED!
  1291 | D:2      | XOM: noise
  1497 | D:2      | XOM: potion effect (brilliance)
  1659 | D:3      | Found a hide-covered altar of Uskayaw.
  1825 | D:3      | XOM: divination: detect creatures
  1863 | D:3      | XOM: mild Pois miscast
  1864 | D:3      | XOM: divination: magic mapping
  1877 | D:3      | Killed from afar by an orc priest

Levels and vault maps discovered:
D:1:      dpeg_arrival_ternary, layout_basic
D:2:      layout_basic, chequers_big_river, st_stairs_8, evilmike_ruin_ashenzari
D:3:      layout_rooms, lemuel_crystal_altar, first_ration
